 Dungeon Crawl Stone Soup version 0.30-a0-760-g5a9884bb7c (webtiles) character file.

Game seed: 1840291988520915395

50327 Majang the Thaumaturge (level 14, -17/106 HPs)
             Began as a Djinni Ice Elementalist on Feb 10, 2023.
             Was the Champion of Makhleb.
             Demolished by Donald
             ... wielding a +0 war axe of venom
              (19 damage)
             ... on level 2 of the Orcish Mines on Feb 11, 2023.
             The game lasted 02:09:43 (21625 turns).

Majang the Thaumaturge (Djinni Ice Elementalist)   Turns: 21625, Time: 02:09:43

Health: -17/106    AC: 21    Str:  7    XL:     14   Next: 96%
Gold:   1598       EV: 18    Int: 24    God:    Makhleb [******] SH:  0 Dex: 15

rFire   + . .      SeeInvis .    a - +6 spear of the Median {protect, rElec Int+3}
rCold   . . .      Faith    .    (no shield)
rNeg    . . .      Spirit   .    D - +2 robe {Archmagi}
rPois   ∞          Reflect  .    (no helmet)
rElec   +          Harm     .    (no cloak)
rCorr   .          Rampage  .    (no gloves)
Will    +....      Archmagi +    (boots unavailable)
Stlth   ++                       (no amulet)
HPRegen 0.37/turn                h - ring of ice
MPRegen 0.00/turn                x - +4 ring of protection

@: ice-armoured, freezing walls, flying
A: sickness immunity, fire resistance 2, cold vulnerability 1, float, innate
caster, HP casting, extra vitality 1
a: Renounce Religion, Minor Destruction, Lesser Servant of Makhleb, Major
Destruction, Greater Servant of Makhleb


You were on level 2 of the Orcish Mines.
You worshipped Makhleb.
Makhleb was exalted by your worship.
You visited 4 branches of the dungeon, and saw 20 of its levels.
You also visited: Sewer and Gauntlet.

You collected 1660 gold pieces.
You spent 62 gold pieces at shops.

Inventory:

Hand Weapons
 a - the +6 spear of the Median (weapon) {protect, rElec Int+3}
   (You found it on level 2 of the Lair of Beasts)

   Int:       It affects your intelligence (+3).
   rElec:     It insulates you from electricity.
 b - a +6 vampiric trident
 F - a +2 flail of holy wrath
Missiles
 v - 7 silver javelins
Armour
 i - +0 steam dragon scales
 D - a +2 robe of the Archmagi (worn)
 I - the +0 leather armour of Relativism {rC+ Dex+2 Slay+3}
   (You found it on level 8 of the Dungeon)

   Dex:       It affects your dexterity (+2).
   Slay:      It affects your accuracy & damage with ranged weapons and melee
   (+3).
   rC:        It protects you from cold.
Magical Staves
 P - a staff of fire
Jewellery
 g - a ring of resist corrosion
 h - a ring of ice (left hand)
 x - a +4 ring of protection (right hand)
 E - a +5 ring of evasion
Wands
 d - a wand of digging (5)
 n - a wand of polymorph (11)
 y - a wand of paralysis (5)
 z - a wand of flame (39)
Scrolls
 f - 2 scrolls of immolation
 l - 2 scrolls of fear
 m - 7 scrolls of teleportation
 q - 4 scrolls of butterflies
 B - 2 scrolls of fog
 S - 3 scrolls of enchant armour
Potions
 c - 9 potions of curing
 e - 3 potions of attraction
 j - 2 potions of might
 k - a potion of invisibility
 r - 4 potions of mutation
 s - 3 potions of resistance
 t - 3 potions of cancellation
 u - 3 potions of lignification
 G - 2 potions of haste
 L - 3 potions of ambrosia
 M - 3 potions of brilliance
 O - a potion of heal wounds
Miscellaneous
 Q - a phantom mirror


   Skills:
 + Level 11.7 Fighting
 + Level 8.7 Polearms
 + Level 11.5 Dodging
 - Level 1.5 Stealth
 * Level 12.5 Spellcasting
 + Level 7.0 Evocations


You had 8 spell levels left.
You knew the following spells:

 Your Spells              Type           Power      Damage    Failure   Level
a - Ozocubu's Armour      Ice            100%       N/A       1%          3
b - Summon Ice Beast      Ice/Summ       100%       N/A       1%          4
d - Dazzling Flash        Conj/Hex       100%       N/A       1%          3
f - Freeze                Ice            100%       1d10      1%          1
m - Iskenderun's Mystic   Conj/Tloc      85%        2d17      1%          4
n - Sticky Flame          Conj/Fire      85%        2d10      1%          4
r - Frozen Ramparts       Ice            100%       1d16      1%          3
t - Blink                 Tloc           100%       N/A       1%          2
P - Sting                 Tmut/Pois      100%       1d8       1%          1
Y - Alistair's Intoxicat  Tmut/Pois      56%        N/A       1%          5
Your spell library was empty.

Dungeon Overview and Level Annotations

Branches:
Dungeon (12/15)            Temple (1/1) D:7            Lair (5/5) D:11
 Shoals (0/4) Lair:3       Spider (0/4) Lair:3        Slime (0/5) Lair:5
    Orc (2/2) D:12          Sewer (visited)         Gauntlet (visited)
    Elf: Orc:2

Altars:
Ashenzari
Cheibriados
Dithmenos
Elyvilon
Fedhas
Gozag
Hepliaklqana
Makhleb
Nemelex Xobeh
Okawaru
Qazlal
Ru
Trog
Uskayaw
Wu Jian
Xom
Yredelemnul
Zin
The Shining One

Shops:
D:8 ([*   D:12 [

Annotations:
D:11 2 transporters, exclusion: orange crystal statue
Orc:2 Donald


Innate Abilities, Weirdness & Mutations

You are immune to sickness and miasma.
You are immune to poison.
Your flesh is very heat resistant. (rF++)
You are vulnerable to cold. (rC-)
You float through the air rather than walking.
You learn spells naturally, not from books.
Your magical power is your life essence.
You have superior vitality. (+4 MHP)


Message History

The wall freezes Donald but does no damage.
Donald resists.
The wall freezes Donald.
Casting: Frozen Ramparts (safe; 1% risk of failure)
Confirm with . or Enter, or press ? or * to list all spells.
You feel a surge of power!
You erupt in a blast of force!
The mystic blast hits Donald!
Donald is lightly wounded.
The wall freezes Donald but does no damage.
Donald closely misses you.
Casting: Iskenderun's Mystic Blast (safe; 1% risk of failure)
Confirm with . or Enter, or press ? or * to list all spells.
You feel a strong surge of power! A film of ice covers your body!
The wall freezes Donald but does no damage.
Donald says, "I hate blood."
Donald barely misses you.
The wall freezes Donald but does no damage.
Donald hits you with a +0 war axe of venom!!
Casting: Ozocubu's Armour (safe; 1% risk of failure)
Confirm with . or Enter, or press ? or * to list all spells.
You feel a surge of power!
You erupt in a blast of force!
The mystic blast hits Donald!
Donald is moderately wounded.
Donald is no longer unusually resistant.
The wall freezes Donald but does no damage.
Donald says, "The people that built this place?
They must be crazy."
Donald hits you with a +0 war axe of venom!!
Casting: Iskenderun's Mystic Blast (safe; 1% risk of failure)
Confirm with . or Enter, or press ? or * to list all spells.
You feel a surge of power!
You erupt in a blast of force!
The mystic blast hits Donald but does no damage.
Donald is moderately wounded.
The wall freezes Donald but does no damage.
Donald closely misses you.
The wall freezes Donald.
Donald hits you with a +0 war axe of venom!!!
* * * LOW HITPOINT WARNING * * *
As you read the scroll of fear, it crumbles to dust.
You assume a fearsome visage.
Donald looks frightened!
The wall freezes Donald.
Your attack snaps Donald out of his fear.
Donald hits you with a +0 war axe of venom!!
You die...

##..........#....#
#...........##..##
.................#
#................#
##...............##
###..............#
##..............##
#............#.@.#
##............#@##
# ##............##
###....#.........#
..#..####........#
.....# ##......##
#.#.## #.......#
##### ###..##..##
.## ##.........#
..# #.....##...#


You could see Donald (fast, strong).

Vanquished Creatures
  A minotaur (Gauntlet)
  A hydra (Lair:5)
  A boulder beetle (D:11)
  Erica (Lair:1)
  2 death yaks (Lair:5)
  4 two-headed ogres
  A tengu warrior (D:12)
  A skyshark (Lair:5)
  A lindwurm (Lair:5)
  A necromancer (Lair:2)
  3 orc knights (Orc:1)
  A manticore (D:11)
  Pikel (D:9)
  A deep elf pyromancer (D:12)
  2 cyclopes
  2 merfolk sirens (Lair:3)
  Maurice (Orc:1)
  5 black mambas
  2 molten gargoyles (Lair:5)
  A gargoyle (D:11)
  Maggie (D:9)
  10 cane toads
  Psyche (D:9)
  An unseen horror (D:12)
  6 kobold demonologists
  An efreet (Gauntlet)
  9 komodo dragons
  2 merfolk (Lair:3)
  A burning bush (Lair:3)
  2 trolls
  Prince Ribbit (D:6)
  11 blink frogs
  Sigmund (D:2)
  39 yaks
  3 shadows
  A vampire (D:11)
  5 wraiths
  6 basilisks
  2 fire elementals (Gauntlet)
  3 wyverns
  Grum (D:8)
  4 steam dragons
  3 redbacks (Lair:3)
  2 acid dragons
  2 wargs
  4 water moccasins
  6 hell hounds
  Pargi (Sewer)
  21 orc warriors
  A sky beast (D:7)
  2 black bears
  4 ogres (Orc:1)
  5 wolves
  3 centaurs
  A phantom (D:4)
  2 kobold brigands (D:9)
  7 bullfrogs
  6 scorpions
  5 necrophages (Lair:4)
  4 wights (D:7)
  3 troll zombies (D:12)
  20 killer bees
  An electric eel (Lair:1)
  5 howler monkeys
  3 lava snakes (Lair:5)
  16 orc priests
  2 gnoll boudas
  A hound (D:5)
  An iguana (D:7)
  A jelly (D:5)
  14 orc wizards
  2 polar bear simulacra (Lair:2)
  A yak simulacrum (Lair:2)
  A wolf simulacrum (Lair:2)
  2 ogre zombies (D:12)
  9 gnolls
  6 adders
  2 shadow imps
  A white imp (D:5)
  4 ufetubi
  3 dart slugs (D:1)
  71 orcs
  19 ball pythons
  5 endoplasms
  8 giant cockroaches
  4 goblins
  11 hobgoblins
  8 quokkas
  2 bats (D:2)
  8 frilled lizards
  2 goblin zombies (D:12)
  A hobgoblin zombie (D:12)
  15 kobolds
  10 orc zombies (D:12)
  9 rats
  4 river rat simulacra (Lair:2)
  2 butterflies (Lair:1)
500 creatures vanquished.

Vanquished Creatures (collateral kills)
  A fire dragon (Lair:5)
  2 hydras
  A death yak (Lair:5)
  A skyshark (Lair:4)
  A molten gargoyle (Lair:5)
  2 black mambas (Lair:5)
  A cane toad (Lair:5)
  A tengu conjurer (D:12)
  A burning bush (Lair:3)
  3 wyverns
  A basilisk (Lair:5)
  An acid dragon (D:9)
  An orc warrior (Orc:1)
  A phantom (D:12)
  A kobold brigand (D:9)
  A bullfrog (Lair:3)
  2 lava snakes (Lair:5)
  2 orc priests
  A polar bear simulacrum (Lair:2)
  2 ogre zombies (D:12)
  2 orcs
  A goblin zombie (D:12)
  2 hobgoblin skeletons (D:12)
  3 hobgoblin zombies (D:12)
  An orc skeleton (D:12)
  5 orc zombies (D:12)
  2 river rat simulacra (Lair:2)
43 creatures vanquished.

Vanquished Creatures (others)
  11 fungi
  26 plants
37 creatures vanquished.

Grand Total: 580 creatures vanquished

Notes
Turn   | Place    | Note
-------+----------+-------------------------------------------
     0 | D:1      | Majang the Djinni Ice Elementalist began the quest for the
                  | Orb.
     0 | D:1      | Majang set off with the following spells memorised: Freeze,
                  | Frozen Ramparts, Ozocubu's Armour, Summon Ice Beast.
     0 | D:1      | Reached XP level 1. HP: 15/15 MP: 0/0
    97 | D:1      | Reached XP level 2. HP: 13/22 MP: 0/0
   157 | D:1      | Reached skill level 1 in Fighting
   498 | D:1      | Reached XP level 3. HP: 26/27 MP: 0/0
   498 | D:1      | Learned a level 1 spell: Sting
  1093 | D:2      | Reached XP level 4. HP: 32/33 MP: 0/0
  1263 | D:2      | Noticed Sigmund
  1281 | D:2      | HP: 1/33 [something (13)]
  1828 | D:2      | Killed Sigmund
  1829 | D:2      | Reached skill level 4 in Spellcasting
  1829 | D:2      | Reached XP level 5. HP: 17/41 MP: 0/0
  1829 | D:2      | Learned a level 2 spell: Blink
  1829 | D:2      | Reached XP level 6. HP: 20/47 MP: 0/0
  2318 | D:3      | Found a sacrificial altar of Ru.
  2401 | D:3      | Found a glowing drain.
  2410 | Sewer    | Entered a sewer
  2549 | Sewer    | Noticed Pargi
  2568 | Sewer    | Killed Pargi
  2569 | Sewer    | Reached skill level 5 in Spellcasting
  2569 | Sewer    | Reached XP level 7. HP: 43/53 MP: 0/0
  2569 | Sewer    | Learned a level 3 spell: Dazzling Flash
  2803 | D:3      | Found a white marble altar of Elyvilon.
  2944 | D:3      | Found a stormy altar of Qazlal.
  3209 | D:4      | Identified a scroll of acquirement
  3211 | D:3      | Acquired a ring of ice
  3222 | D:4      | Found a snail-covered altar of Cheibriados.
  3431 | D:4      | Reached skill level 5 in Fighting
  3595 | D:4      | Identified the +7 short sword of Gieterch {drain, Drain
                  | rElec Dex+3}
  4058 | D:4      | Upgraded the game from 0.30-a0-758-gc2c871d025 to
                  | 0.30-a0-760-g5a9884bb7c
  4065 | D:5      | Entered Level 5 of the Dungeon
  4065 | D:5      | Found a hazy altar of Hepliaklqana.
  4122 | D:5      | Reached XP level 8. HP: 47/60 MP: 0/0
  4123 | D:5      | Reached skill level 1 in Polearms
  4492 | D:5      | Reached skill level 6 in Spellcasting
  4735 | D:5      | You are sucked into a shaft and drop 2 floors!
  4792 | D:7      | Noticed a wyvern
  4804 | D:7      | Killed a wyvern
  4805 | D:7      | Reached XP level 9. HP: 42/66 MP: 0/0
  4805 | D:7      | Learned a level 4 spell: Sticky Flame
  5937 | D:6      | Noticed Prince Ribbit
  5958 | D:6      | Killed Prince Ribbit
  6031 | D:7      | Found a staircase to the Ecumenical Temple.
  6041 | Temple   | Entered the Ecumenical Temple
  6190 | Temple   | Became a worshipper of Makhleb the Destroyer
  6311 | D:7      | Reached skill level 7 in Spellcasting
  6476 | D:7      | Reached skill level 5 in Dodging
  6725 | D:7      | Found a blossoming altar of Fedhas.
  6962 | D:8      | Found Ehymop's General Store.
  6974 | D:8      | Noticed Grum
  6980 | D:8      | Reached XP level 10. HP: 70/75 MP: 0/0
  6987 | D:8      | Killed Grum
  7018 | D:8      | Found Ruofun's Antique Armour Boutique.
  7021 | D:8      | Bought a glowing robe for 62 gold pieces
  7259 | D:8      | Reached skill level 8 in Spellcasting
  7287 | D:8      | Found Xamuu's Weapon Shoppe.
  7345 | D:8      | Reached * piety under Makhleb
  7871 | D:8      | Identified the +0 leather armour of Relativism {rC+ Dex+2
                  | Slay+3}
  8481 | D:9      | Noticed Maggie
  8492 | D:9      | Killed Maggie
  8639 | D:9      | Noticed a kobold demonologist
  8647 | D:9      | Killed a kobold demonologist
  8701 | D:9      | Noticed a kobold demonologist
  8702 | D:9      | Noticed a kobold demonologist
  8702 | D:9      | Noticed a kobold demonologist
  8719 | D:9      | Killed a kobold demonologist
  8720 | D:9      | Reached XP level 11. HP: 73/81 MP: 0/0
  8720 | D:9      | Learned a level 4 spell: Iskenderun's Mystic Blast
  8789 | D:9      | Found the +7 Throatcutter {drain, coup de grace}
  8805 | D:9      | Reached skill level 5 in Polearms
  8886 | D:9      | Reached ** piety under Makhleb
  9029 | D:9      | Noticed Pikel
  9047 | D:9      | Reached skill level 9 in Spellcasting
  9052 | D:9      | Killed Pikel
  9075 | D:9      | Noticed a two-headed ogre
  9088 | D:9      | Killed a two-headed ogre
  9355 | D:9      | Noticed Psyche
  9362 | D:9      | Killed Psyche
  9532 | D:9      | Noticed a two-headed ogre
  9546 | D:9      | Killed a two-headed ogre
  9796 | D:10     | Entered Level 10 of the Dungeon
  9898 | D:10     | Noticed a two-headed ogre
  9904 | D:10     | Killed a two-headed ogre
  9977 | D:10     | Noticed a cyclops
  9988 | D:10     | Killed a cyclops
 10006 | D:10     | Noticed a two-headed ogre
 10013 | D:10     | Killed a two-headed ogre
 10087 | D:10     | Reached XP level 12. HP: 89/89 MP: 0/0
 10233 | D:10     | Reached *** piety under Makhleb
 10469 | D:10     | Reached skill level 10 in Spellcasting
 10474 | D:10     | Reached skill level 1 in Evocations
 10743 | D:10     | Identified the +7 triple sword of Summertime {freeze, rC++}
 10981 | D:11     | Noticed a six-headed hydra
 10981 | D:11     | Found a staircase to the Lair.
 11256 | D:11     | Found a transporter.
 11258 | D:11     | Noticed a death knight
 11259 | D:11     | Noticed a centaur warrior
 11260 | D:11     | Noticed a boulder beetle
 11261 | D:11     | Noticed an ettin
 11389 | D:11     | Found a gate leading to a gauntlet.
 11390 | D:11     | Noticed a boulder beetle
 11394 | Gauntlet | Entered a Gauntlet
 11394 | Gauntlet | Found a transporter.
 11398 | Gauntlet | Noticed a green death
 11404 | Gauntlet | Noticed a green death
 11476 | Gauntlet | Found a transporter.
 11477 | Gauntlet | Found a transporter.
 11479 | Gauntlet | Found a transporter.
 11481 | Gauntlet | Found a transporter.
 11489 | Gauntlet | Found a transporter.
 11495 | Gauntlet | Found a transporter.
 11503 | Gauntlet | Found a transporter.
 11559 | Gauntlet | Noticed a sixfirhy
 11560 | Gauntlet | Noticed a sixfirhy
 11562 | Gauntlet | Found a transporter.
 11562 | Gauntlet | Noticed a sixfirhy
 11563 | Gauntlet | Found a transporter.
 11563 | Gauntlet | Noticed a sixfirhy
 11567 | Gauntlet | Found a transporter.
 11570 | Gauntlet | Noticed a hell beast
 11578 | Gauntlet | Found a transporter.
 11961 | Gauntlet | Noticed a minotaur
 11987 | Gauntlet | Killed a minotaur
 12244 | D:11     | Killed a boulder beetle
 12397 | D:11     | Identified the +1 sling "Surgh" {freeze, rElec Str+4}
 12401 | D:11     | Identified the +8 halberd of Segumma {antimagic, *Noise Fly
                  | Str+2 Int+4}
 12442 | D:11     | Killed a six-headed hydra
 12495 | D:11     | Found a transporter.
 13232 | Lair:1   | Entered Level 1 of the Lair of Beasts
 13272 | Lair:1   | Reached skill level 10 in Fighting
 13296 | Lair:1   | Identified the +5 hand axe "Senn" {holy, Will+ Str-4 Dex+7}
 13359 | Lair:1   | Reached XP level 13. HP: 93/96 MP: 0/0
 13359 | Lair:1   | Learned a level 5 spell: Alistair's Intoxication
 13464 | Lair:1   | Identified the +1 ring mail of Defiance {Str+3}
 13625 | Lair:1   | Noticed Erica
 13640 | Lair:1   | Killed Erica
 14036 | Lair:2   | Identified the +6 spear of the Median {protect, rElec
                  | Int+3}
 14356 | Lair:2   | Reached **** piety under Makhleb
 14592 | Lair:2   | Reached skill level 11 in Spellcasting
 15146 | Lair:3   | Found a hole to the Spider Nest.
 15324 | Lair:3   | Found a staircase to the Shoals.
 15332 | Lair:3   | Reached skill level 10 in Dodging
 16452 | Lair:4   | Reached skill level 5 in Evocations
 16497 | Lair:4   | Reached ***** piety under Makhleb
 17345 | Lair:5   | Entered Level 5 of the Lair of Beasts
 17575 | Lair:5   | Noticed a seven-headed hydra
 17591 | Lair:5   | Killed a seven-headed hydra
 17685 | Lair:5   | Reached XP level 14. HP: 102/105 MP: 0/0
 17759 | Lair:5   | Found a staircase to the Slime Pits.
 17948 | Lair:5   | Reached skill level 12 in Spellcasting
 18795 | Lair:5   | Found a large runed translucent door.
 18795 | Lair:5   | Found a large runed translucent door.
 19997 | D:12     | Found a staircase to the Orcish Mines.
 20422 | D:12     | Found Sebeus's Superior Scales.
 20525 | Orc:1    | Entered Level 1 of the Orcish Mines
 20950 | Orc:1    | Reached ****** piety under Makhleb
 21085 | Orc:2    | Entered Level 2 of the Orcish Mines
 21219 | Orc:1    | Noticed Maurice
 21234 | Orc:1    | Killed Maurice
 21601 | Orc:2    | Noticed Donald
 21624 | Orc:2    | HP: 1/106 [Donald/+0 war axe of venom (41)]
 21625 | Orc:2    | Demolished by Donald

Illustrated notes

Levels and vault maps discovered:
D:1:      spicycebolla_arrival_xxxplode, layout_loops_ring,
          minmay_shallow_snake_nest
D:2:      kb_forest_paths, layout_basic, uniq_sigmund
D:3:      layout_rooms, lemuel_round_altar, elyvilon_altar_3,
          nicolae_qazlal_scattered_showers, cheibrodos_sewer_entry_drain
D:4:      layout_loops_cross, overflow_temple_1_default, cheibriados_altar_1
D:5:      layout_cave_pools, nicolae_hepliaklqana_hazy_memory
D:6:      layout_gridville, mainiacjoe_overflow_brackets,
          kennysheep_generic_room_7, uniq_prince_ribbit1
D:7:      layout_cave_pools, mainiacjoe_overflow_chevrons,
          minmay_temple_entry_crystal_x, serial_column_ruins,
          column_ruins_circle_large, column_ruins_columns_T,
          column_ruins_open_tiny, column_ruins_grid_3, minmay_misc_feat_alley
D:8:      hellmonk_crumbling_castle, layout_loops_corners, serial_shops,
          kennysheep_mini, nicolae_shop_stone, nicolae_diamond_shop, uniq_grum
D:9:      layout_roguey, dilly_guarded_unrand_throatcut, uniq_psyche,
          uniq_pikel, uniq_maggie
D:10:     layout_loops_corners, serial_glass, glass_columns_c, glass_columns_a
D:11:     gammafunk_sealed_arena, layout_long_grid, lair_entry_dummy,
          gauntlet_entry_generic, minmay_statue_bubble
D:12:     layout_rooms, zombieorc2_lemuel, hellmonk_scale_shop
Temple:   eino_temple_water
Lair:1:   layout_concentric_octagons, infiniplex_staircase_pool,
          lemuel_fruit_fields, uniq_erica
Lair:2:   layout_cave_pods, eino_house_with_fridge
Lair:3:   layout_cave_pods, elwin_shoals_entry_stream, spider_nest_entry_a,
          evilmike_ambush [evilmike_ambush_outer_basic,
          evilmike_ambush_inner_basic], grunt_megastairs_1,
          infiniplex_staircase_pool_2
Lair:4:   layout_loops_ring, grunt_forest_stairs_basic, st_stairs_6,
          roderic_carrion_pond
Lair:5:   cheibrodos_lair_end_hotspot, layout_regular_city, slime_entry_1
Orc:1:    layout_caves, special_room [special_room_orc], basic_altar,
          uniq_maurice
Orc:2:    st_orc_town, layout_caves, basic_altar, uniq_donald

Skill      XL: |  1  2  3  4  5  6  7  8  9 10 11 12 13 14 |
---------------+-------------------------------------------+-----
Fighting       | 1 2 3 4 5 6 7 8 9 10 11 | 11.7
Spellcasting   | 4 5 6 7 8 9 10 11 12 | 12.5
Polearms       | 2 3 4 6 7 8 |  8.7
Dodging        | 4 5 7 8 9 10 11 | 11.5
Evocations     | 3 5 7 |  7.0
Stealth        | |  1.5

Action                     |  1- 3 |  4- 6 |  7- 9 | 10-12 | 13-15 || total
---------------------------+-------+-------+-------+-------+-------++-------
  Melee: Short sword       |     9 |       |       |       |       ||     9
         Club              |     9 |     6 |       |       |       ||    15
         Trident           |       |    33 |   155 |   229 |    79 ||   496
         Punch             |       |       |     2 |     2 |     7 ||    11
         Spear             |       |       |       |       |   378 ||   378
   Cast: Freeze            |    35 |    36 |     4 |       |       ||    75
         Frozen Ramparts   |     3 |    14 |    28 |    64 |    99 ||   208
         Ozocubu's Armour  |       |     3 |    15 |    47 |    61 ||   126
         Summon Ice Beast  |       |       |     9 |    13 |    33 ||    55
         Sting             |       |       |     8 |    21 |    19 ||    48
         Dazzling Flash    |       |       |     3 |    23 |    14 ||    40
         Sticky Flame      |       |       |     7 |     2 |    31 ||    40
         Blink             |       |       |       |     1 |       ||     1
         Iskenderun's Myst |       |       |       |    29 |    34 ||    63
         Alistair's Intoxi |       |       |       |       |     2 ||     2
  Evoke: Wand              |       |       |       |     6 |     3 ||     9
         Phantom mirror    |       |       |       |     1 |       ||     1
    Use: Potion            |       |     1 |       |     2 |     1 ||     4
         Scroll            |       |       |    15 |    10 |    11 ||    36
   Stab: Sleeping          |     4 |     4 |     4 |       |     2 ||    14
         Invisible         |       |       |     4 |     3 |     4 ||    11
         Paralysed         |       |       |       |     1 |     2 ||     3
         Distracted        |       |       |       |       |     3 ||     3
 Armour: Robe              |     5 |    23 |    32 |    48 |   105 ||   213
  Dodge: Dodged            |    41 |    50 |    93 |   118 |   296 ||   598

Table legend: (Time is in decaauts)
 A = Elapsed time spent in this place.
 B = Non-inter-level travel time spent in this place.
 C = Inter-level travel time spent in this place.
 D = Time resting spent in this place.
 E = Time spent auto-exploring this place.
 F = Levels seen in this place.
 G = Mean time per level.
                   A        B        C        D        E       F      G
               +--------+--------+--------+--------+--------+-----+--------+
         Total |  21588 |  20741 |    847 |   5869 |   8423 |  22 |  981.3 |
       Dungeon |  13256 |  12810 |    446 |   3521 |   6284 |  12 | 1104.7 |
        Temple |    183 |    140 |     43 |      0 |      0 |   1 |  183.0 |
          Lair |   6173 |   5841 |    332 |   1656 |   1858 |   5 | 1234.6 |
  Orcish Mines |    871 |    846 |     25 |    166 |    281 |   2 |  435.5 |
         Sewer |    273 |    273 |      0 |     76 |      0 |   1 |  273.0 |
      Gauntlet |    830 |    830 |      0 |    449 |      0 |   1 |  830.0 |
               +--------+--------+--------+--------+--------+-----+--------+

Top non-repeatable levels by time:
  Lair:5: 1997 daAuts
     D:8: 1455 daAuts
    D:11: 1428 daAuts
     D:9: 1405 daAuts
     D:2: 1380 daAuts
  Lair:3: 1353 daAuts
    D:10: 1228 daAuts
    D:12: 1183 daAuts
  Lair:2: 1120 daAuts
     D:4: 994 daAuts
  Lair:4: 955 daAuts
     D:6: 949 daAuts
     D:7: 929 daAuts
     D:1: 883 daAuts
     D:5: 847 daAuts
